 Dungeon Crawl Stone Soup version 0.18.1-8-gdd0e5ea (webtiles) character file.

179 syage the Covered (level 5, -12/50 HPs)
             Began as a Deep Dwarf Fighter on June 4, 2016.
             Mangled by an ogre
             ... wielding a +0 giant club
              (15 damage)
             ... on level 4 of the Dungeon.
             The game lasted 00:10:02 (2405 turns).

syage the Covered (Deep Dwarf Fighter)              Turns: 2405, Time: 00:10:03

Health: -12/50     AC: 10    Str: 21    XL:     5   Next: 33%
Magic:  5/5        EV:  7    Int:  8    God:
Gold:   74         SH:  9    Dex: 12    Spells: 0 memorised, 4 levels left

rFire  . . .     SeeInvis .     a - +0 war axe
rCold  . . .     Gourm    .     b - +0 scale mail
rNeg   . . .     Faith    .     c - +0 shield
rPois  .         Spirit   .     (no helmet)
rElec  .         Dismiss  .     w - +2 cloak
rCorr  .         Reflect  .     (no gloves)
SustAt .         Harm     .     (no boots)
MR     .....                    (no amulet)
Stlth  ..........               (no ring)
                                (no ring)

@: non-regenerating, not resistant to hostile enchantments, extremely unstealthy
A: damage resistance, recharge devices, sense surroundings 1, slow regeneration
3
a: Device Recharging


You were on level 4 of the Dungeon.
You were hungry.

You visited 1 branch of the dungeon, and saw 4 of its levels.

You collected 74 gold pieces.

Inventory:

Hand Weapons
 a - a +0 war axe (weapon)
Armour
 b - a +0 scale mail (worn)
 c - a +0 shield (worn)
 w - a +2 cloak (worn)
Jewellery
 q - an uncursed amulet of guardian spirit
Wands
 e - a wand of heal wounds (1/9)
 x - a wand of digging (9/24)
 y - a wand of digging (8/24)
Scrolls
 j - a scroll of enchant weapon {unknown}
 k - a scroll of recharging {unknown}
 l - 3 scrolls of remove curse {unknown}
 m - a scroll of random uselessness {unknown}
 n - a scroll of teleportation {unknown}
 u - 4 scrolls of identify {unknown}
Potions
 d - a potion of might
 g - a potion of lignification {unknown}
 h - 2 potions of invisibility {unknown}
 i - a potion of heal wounds {unknown}
 p - a potion of berserk rage {unknown}
 v - a potion of haste {unknown}
Books
 r - a book of Fire

   Spells                             Type                      Level
   a - Ignite Poison                  Fire/Transmutation/Poison    3
   b - Fireball                       Conjuration/Fire             5
   c - Bolt of Fire                   Conjuration/Fire             6
   d - Delayed Fireball               Conjuration/Fire             7
   e - Ring of Flames                 Charms/Fire                  7
Comestibles
 f - 3 bread rations
 o - a slice of pizza
 t - 3 meat rations


   Skills:
 + Level 3.9 Fighting
 + Level 3.3 Axes
 + Level 5.0 Armour
 - Level 3.2 Shields


You had 4 spell levels left.
You didn't know any spells.

Dungeon Overview and Level Annotations

Branches:
Dungeon (4/15)
 Temple: D:4-7

Altars:
Ashenzari
Pakellas


Innate Abilities, Weirdness & Mutations

You are resistant to damage.
You can recharge devices by infusing magical energy.
You passively map a small area around you.
You do not regenerate naturally.


Message History

* * * LOW HITPOINT WARNING * * *
You barely miss the ogre. The ogre hits you with a giant club.
* * * LOW HITPOINT WARNING * * *
You slash the ogre!
The ogre is moderately wounded.
You block the ogre's attack.
You closely miss the ogre.
The ogre is moderately wounded.
The ogre completely misses you.
You slash the ogre!
The ogre is heavily wounded.
The ogre hits you with a giant club!
* * * LOW HITPOINT WARNING * * *
You completely miss the ogre.
The ogre is heavily wounded.
You block the ogre's attack.
Your shield and scale mail prevent you from hitting the ogre.
The ogre is heavily wounded.
The ogre hits you with a giant club!!
You die...

...........#,
, *
########.###
** , ,
<......#)# * *
* * ######.#.#
* * #.#.### *
* #.#...# , ,,
*
#.###.#######*
#.# #.......#
* * #.#
#######@# * *
#.# #O# *
######.#
#.#***
.......# #..,
, ######## ###
* *


You could see an ogre.

Vanquished Creatures
  3 adders
  4 gnolls (D:3)
  4 worms
  7 dart slugs (D:1)
  A giant gecko (D:1)
  8 orcs (D:3)
  6 bats
  3 giant cockroaches
  9 goblins
  9 hobgoblins
  7 jackals (D:3)
  2 quokkas
  9 kobolds
  7 rats
79 creatures vanquished.

Notes
Turn   | Place    | Note
--------------------------------------------------------------
     0 | D:1      | syage the Deep Dwarf Fighter began the quest for the Orb.
     0 | D:1      | Reached XP level 1. HP: 20/20 MP: 1/1
    76 | D:1      | Reached XP level 2. HP: 21/27 MP: 2/2
   396 | D:1      | Reached skill level 4 in Armour
   423 | D:1      | Reached XP level 3. HP: 21/34 MP: 3/3
   808 | D:2      | Found an oddly glowing altar of Pakellas.
  1043 | D:2      | HP: 1/34 [quokka (3)]
  1044 | D:2      | Reached XP level 4. HP: 1/42 MP: 4/4
  1422 | D:3      | Found a faded altar to an unknown god.
  1512 | D:3      | Reached XP level 5. HP: 19/50 MP: 5/5
  1824 | D:3      | Reached skill level 5 in Armour
  2170 | D:3      | Found a shattered altar of Ashenzari.
  2396 | D:4      | Noticed an ogre
  2405 | D:4      | Mangled by an ogre

Skill      XL: |  1  2  3  4  5 |
---------------+----------------+-----
Fighting       | 3 |  3.9
Armour         | 4 5 |  5.0
Axes           | 3 |  3.3
Shields        | |  3.2

Action                   |  1- 3 |  4- 6 || total
-------------------------+-------+-------++-------
Melee: War axe           |   138 |   164 ||   302
Evoke: Wand              |     1 |     3 ||     4
  Eat: Chunk             |     1 |     4 ||     5
Armor: Scale mail        |    52 |    78 ||   130
Dodge: Dodged            |    52 |    57 ||   109
Block: Shield            |    64 |   102 ||   166
